 Dungeon Crawl Stone Soup version 0.29-a0-319-gad05b8d819 (webtiles) character file.

Game seed: 18007481246541834614

681 kae the Firebug (level 7, -5/40 HPs)
             Began as a Tengu Fire Elementalist on Apr 1, 2022.
             Was an Initiate of Vehumet.
             Slain by an orc warrior
             ... wielding a +0 long sword
              (26 damage)
             ... on level 5 of the Dungeon.
             The game lasted 00:04:23 (6204 turns).

kae the Firebug (Tengu Fire Elementalist)           Turns: 6204, Time: 00:04:23

Health: -5/40      AC: 12    Str:  8    XL:     7   Next: 61%
Magic:  1/12       EV: 16    Int: 17    God:    Vehumet [......]
Gold:   351        SH:  0    Dex: 15    Spells: 6/12 levels left

rFire   . . .      SeeInvis .   t - +0 mace (vorpal)
rCold   + . .      Faith    .   (no shield)
rNeg    . . .      Spirit   .   i - +2 robe {rC+}
rPois   +          Reflect  .   (helmet restricted)
rElec   .          Harm     .   m - +0 cloak
rCorr   .          Rampage  .   p - +2 pair of gloves
Will    .....      Clarity  +   (boots unavailable)
Stlth   ++........              o - amulet of the acrobat
HPRegen 0.13/turn               h - ring of poison resistance
MPRegen 0.13/turn               c - +4 ring of protection

@: flying quickly and evasively, quick
A: beak, talons 3, nimble flight, clarity, MP-powered wands
a: Renounce Religion


You were on level 5 of the Dungeon.
You worshipped Vehumet.
Vehumet was noncommittal.
You visited 2 branches of the dungeon, and saw 6 of its levels.

You collected 351 gold pieces.

Inventory:

Hand Weapons
 t - a +0 vorpal mace (weapon)
Armour
 a - a +0 robe
 i - a +2 robe of cold resistance (worn)
 m - a +0 cloak (worn)
 p - a +2 pair of gloves (worn)
Jewellery
 c - a +4 ring of protection (right hand)
 d - a ring of ice
 g - a ring of see invisible
 h - a ring of poison resistance (left hand)
 j - a +4 ring of protection
 k - a ring of wizardry
 o - an amulet of the acrobat (around neck)
Wands
 e - a wand of flame (18)
 w - a wand of paralysis (9)
Scrolls
 x - a scroll of blinking {unknown}
 y - 3 scrolls of noise {unknown}
 z - 3 scrolls of identify
Potions
 b - 3 potions of magic
 f - 2 potions of resistance
 l - 2 potions of degeneration
 n - a potion of haste
 q - a potion of might
 r - a potion of berserk rage
 s - a potion of lignification {unknown}
 u - a potion of flight {unknown}
 v - a potion of curing {unknown}


   Skills:
 + Level 2.7 Fighting
 + Level 3.1 Armour
 + Level 3.7 Dodging
 - Level 2.0 Stealth
 + Level 3.2 Spellcasting
 + Level 4.1 Conjurations
 * Level 5.8 Fire Magic


You had 6 spell levels left.
You knew the following spells:

 Your Spells              Type           Power      Damage    Failure   Level
a - Foxfire               Conj/Fire      76%        2x1d7     2%          1
b - Scorch                Fire           44%        2d7       2%          2
c - Conjure Flame         Conj/Fire      19%        6-21      7%          3

Your spell library contained the following spells:

 Spells                   Type           Power      Damage    Failure   Level
 Inner Flame              Hex/Fire       12%        N/A       16%         3
 Flame Wave               Conj/Fire      19%        2d6       22%         4
 Gell's Gravitas          Tloc           2%         N/A       45%         3
 Teleport Other           Tloc           2%         N/A       45%         3
 Animate Armour           Summ/Erth      4%         N/A       86%         4
 Blade Hands              Tmut           1%         N/A       99%         5
 Dispersal                Tloc           1%         N/A       100%        6
 Iron Shot                Conj/Erth      4%         9d2       100%        6
 Chain Lightning          Conj/Air       4%         3d6       100%        9
 Fire Storm               Conj/Fire      9%         8d3       100%        9
 Shatter                  Erth           1%         3d5*      100%        9


Dungeon Overview and Level Annotations

Branches:
Dungeon (5/15)             Temple (1/1) D:4

Altars:
Ashenzari
Cheibriados
Dithmenos
Elyvilon
Fedhas
Kikubaaqudgha
Makhleb
Okawaru
Qazlal
Ru
Trog
Uskayaw
Vehumet
Wu Jian
Yredelemnul
Zin

Shops:
D:3 [=

Annotations:
D:1 2 transporters
D:3 exclusion: 2 doors
D:4 exclusion: two-headed ogre


Innate Abilities, Weirdness & Mutations

You have a beak for a mouth.
You have claws for feet.
Your magical nature lets you fly swiftly and evasively.
You possess an exceptional clarity of mind.
You expend magic power (3 MP) to strengthen your wands.


Message History

You can't see any susceptible monsters within range! (Use Z to cast anyway.)
Casting: Foxfire (safe; 2% risk of failure)
Confirm with . or Enter, or press ? or * to list all spells.
You conjure some foxfire!
The foxfire hits the orc warrior but does no damage.
The foxfire hits the orc warrior but does no damage. x2
Casting: Foxfire (safe; 2% risk of failure)
Confirm with . or Enter, or press ? or * to list all spells.
Flames lash the orc warrior but do no damage.
The orc warrior throws a stone.
The stone hits you.
Casting: Scorch (safe; 2% risk of failure)
Confirm with . or Enter, or press ? or * to list all spells.
Flames lash the orc warrior.
The orc warrior is lightly wounded.
The orc warrior's fire resistance burns away.
The orc warrior drinks a potion.
The orc warrior seems to grow stronger.
Casting: Scorch (safe; 2% risk of failure)
Confirm with . or Enter, or press ? or * to list all spells.
Flames lash the orc warrior.
The orc warrior is burned terribly!
The orc warrior is severely wounded.
The orc warrior hits you but does no damage.
Casting: Scorch (safe; 2% risk of failure)
Confirm with . or Enter, or press ? or * to list all spells.
Flames lash the orc warrior but do no damage.
The orc warrior closely misses you. The orc warrior completely misses you.
Casting: Scorch (safe; 2% risk of failure)
Confirm with . or Enter, or press ? or * to list all spells.
Flames lash the orc warrior but do no damage.
The orc warrior hits you with a +0 long sword!!
The orc warrior misses you.
Casting: Scorch (safe; 2% risk of failure)
Confirm with . or Enter, or press ? or * to list all spells.
You don't have enough magic to cast this spell.
Casting: Scorch (safe; 2% risk of failure)
Confirm with . or Enter, or press ? or * to list all spells.
You conjure some foxfire!
The orc warrior hits you with a +0 long sword!!
Ouch! That really hurt!
You die...

####.####
#.##...###...## #.#####
#.......[.....#
...###.....#
#####.####.#.##
#...........### #.#
#.#.# #.#...........#
#.# #.#.# #.#######)#.#
#.# #.#.# ..
.....#)#.######.# #.#.#
.. ........v........#
#.#.# .
.##..#...@.......#
#.#.#
#.....o.v...#######.#.#
#.#....).......>......#
# #........############
........### ..........
....######. ...# .#


You could see an orc warrior (strong, combustible, ally target).

Vanquished Creatures
  A centaur (D:5)
  A phantom (D:4)
  A necrophage (D:4)
  A scorpion (D:5)
  A hound (D:5)
  A jelly (D:4)
  Crazy Yiuf (D:3)
  An orc priest (D:3)
  An iguana (D:5)
  Jessica (D:3)
  Ijyb (D:4)
  Terence (D:2)
  An orc wizard (D:3)
  A gnoll (D:4)
  4 adders
  A white imp (D:5)
  2 worms
  2 dart slugs
  9 orcs
  8 ball pythons
  5 bats
  11 endoplasms
  3 giant cockroaches
  9 hobgoblins
  6 jackals (D:1)
  9 kobolds
  2 quokkas
  3 frilled lizards
  6 goblins
  7 rats
101 creatures vanquished.

Vanquished Creatures (others)
  An orc wizard (D:3)
  290 foxfires
291 creatures vanquished.

Grand Total: 392 creatures vanquished

Notes
Turn   | Place    | Note
-------+----------+-------------------------------------------
     0 | D:1      | kae the Tengu Fire Elementalist began the quest for the
                  | Orb.
     0 | D:1      | Reached XP level 1. HP: 10/10 MP: 4/4
   179 | D:1      | Found a faded altar of an unknown god.
   231 | D:1      | Reached XP level 2. HP: 15/15 MP: 1/6
   915 | D:1      | Reached XP level 3. HP: 20/20 MP: 3/7
  1033 | D:1      | Learned a level 2 spell: Scorch
  1037 | D:1      | Learned a level 3 spell: Conjure Flame
  1435 | D:2      | Noticed Terence
  1447 | D:2      | Killed Terence
  1448 | D:2      | Reached skill level 1 in Fighting
  1448 | D:2      | Reached skill level 1 in Armour
  1448 | D:2      | Reached skill level 4 in Fire Magic
  1448 | D:2      | Reached XP level 4. HP: 4/25 MP: 0/8
  2939 | D:3      | Found Towergh's Jewellery Boutique.
  3066 | D:3      | Gained mutation: Your magical nature lets you fly swiftly
                  | and evasively. [Tengu growth]
  3066 | D:3      | Reached XP level 5. HP: 29/29 MP: 7/9
  3437 | D:3      | Gained mutation: You possess an exceptional clarity of
                  | mind. [potion of mutation]
  3437 | D:3      | Gained mutation: You expend magic power (3 MP) to
                  | strengthen your wands. [potion of mutation]
  3523 | D:3      | Found Afuumupt's Armour Emporium.
  3636 | D:3      | Noticed Jessica
  3643 | D:3      | Killed Jessica
  3644 | D:3      | Reached XP level 6. HP: 28/35 MP: 4/10
  4008 | D:3      | Found a runed translucent door.
  4009 | D:3      | Noticed Crazy Yiuf
  4172 | D:3      | Killed Crazy Yiuf
  4173 | D:3      | Reached skill level 5 in Fire Magic
  4704 | D:4      | Found a staircase to the Ecumenical Temple.
  4730 | D:4      | Noticed Ijyb
  4745 | D:4      | Paralysed by Ijyb for 3 turns
  4748 | D:4      | Killed Ijyb
  4757 | Temple   | Entered the Ecumenical Temple
  5034 | Temple   | Became a worshipper of Vehumet
  5296 | D:4      | Reached XP level 7. HP: 40/40 MP: 2/12
  5454 | D:4      | Noticed a two-headed ogre
  5580 | D:5      | Entered Level 5 of the Dungeon
  6204 | D:5      | Slain by an orc warrior

Illustrated notes

Levels and vault maps discovered:
D:1:      spicycebolla_arrival_teleporter_tutorial, layout_loops_cross,
          ebering_ecumenical_altar_webs
D:2:      layout_basic, uniq_terence
D:3:      minmay_bubble_buster, layout_basic, serial_shops,
          nicolae_lakefront_shop, shop_coins, kennysheep_jessica_study,
          uniq_crazy_yiuf_cottage
D:4:      layout_basic, minmay_temple_entry_gardened_gates,
          minmay_quadrilaterals, uniq_ijyb
D:5:      minmay_chambers_of_threes, layout_loops_ring, kennysheep_nub
Temple:   eino_temple_rhombus

Skill      XL: |  1  2  3  4  5  6  7 |
---------------+----------------------+-----
Conjurations   | 2 3 4 |  4.1
Fighting       | 1 2 |  2.7
Armour         | 1 2 3 |  3.1
Fire Magic     | 4 5 |  5.8
Dodging        | 3 |  3.7
Spellcasting   | 3 |  3.2
Stealth        | |  2.0

Action                   |  1- 3 |  4- 6 |  7- 9 || total
-------------------------+-------+-------+-------++-------
Melee: Unarmed           |     8 |     5 |       ||    13
       Kick              |     2 |     2 |     2 ||     6
       Mace              |       |     8 |     9 ||    17
       Peck              |       |       |     2 ||     2
 Cast: Foxfire           |    62 |    92 |    23 ||   177
       Scorch            |     2 |    44 |    11 ||    57
       Conjure Flame     |       |     1 |       ||     1
  Use: Scroll            |     3 |     3 |       ||     6
       Potion            |       |     2 |     1 ||     3
 Stab: Sleeping          |       |     1 |       ||     1
Armor: Robe              |     8 |    13 |     8 ||    29
Dodge: Dodged            |    26 |    54 |    32 ||   112

Table legend: (Time is in decaauts)
 A = Elapsed time spent in this place.
 B = Non-inter-level travel time spent in this place.
 C = Inter-level travel time spent in this place.
 D = Time resting spent in this place.
 E = Time spent auto-exploring this place.
 F = Levels seen in this place.
 G = Mean time per level.
                   A        B        C        D        E       F      G
               +--------+--------+--------+--------+--------+-----+--------+
         Total |   6018 |   5852 |    166 |    196 |   4794 |   6 | 1003.0 |
       Dungeon |   5755 |   5610 |    145 |    196 |   4563 |   5 | 1151.0 |
        Temple |    263 |    243 |     20 |      0 |    230 |   1 |  263.0 |
               +--------+--------+--------+--------+--------+-----+--------+

Top non-repeatable levels by time:
     D:2: 1463 daAuts
     D:1: 1397 daAuts
     D:3: 1384 daAuts
     D:4: 931 daAuts
     D:5: 577 daAuts
  Temple: 263 daAuts
